 Dungeon Crawl Stone Soup version 0.19.1 (webtiles) character file.

1897 RedPan the Quickloader (level 8, -1/71 HPs)
             Began as a Minotaur Hunter on Dec 27, 2016.
             Slain by an orc warrior
             ... wielding a +0 glaive
              (21 damage)
             ... on level 5 of the Dungeon.
             The game lasted 00:12:34 (5388 turns).

RedPan the Quickloader (Minotaur Hunter)            Turns: 5388, Time: 00:12:34

Health: -1/71      AC:  6    Str: 19    XL:     8   Next: 93%
Magic:  7/7        EV: 12    Int:  8    God:
Gold:   254        SH:  0    Dex: 11    Spells: 0 memorised, 7 levels left

rFire  + . .     SeeInvis .     G - +0 battleaxe
rCold  . . .     Gourm    .     C - +3 leather armour {rF+}
rNeg   . . .     Faith    .     (shield currently unavailable)
rPois  .         Spirit   .     (helmet restricted)
rElec  .         Reflect  .     (no cloak)
rCorr  .         Harm     .     (no gloves)
MR     .....                    (no boots)
Stlth  +.........               (no amulet)
                                (no ring)
                                (no ring)

@: no status effects
A: retaliatory headbutt, horns 2
a: no special abilities


You were on level 5 of the Dungeon.
You were hungry.

You visited 2 branches of the dungeon, and saw 7 of its levels.

You collected 254 gold pieces.

Inventory:

Hand Weapons
 a - a +2 hand crossbow
 A - a +1 whip of electrocution
 F - a +1 whip of flaming
 G - a +0 battleaxe (weapon)
Missiles
 d - 17 bolts
Armour
 c - a +1 leather armour
 C - a +3 leather armour of fire resistance (worn)
Wands
 v - a wand of polymorph (11/24)
 D - a wand of hasting (4/9)
 H - a wand of paralysis (13/24)
Scrolls
 b - a scroll of noise {unknown}
 g - a scroll of remove curse
 j - 2 scrolls of identify
 m - 4 scrolls of immolation
 n - 3 scrolls of enchant weapon
 q - a scroll of amnesia
 u - a scroll of enchant armour
 x - 4 scrolls of teleportation {unknown}
 y - a scroll of blinking {unknown}
 B - a scroll of random uselessness {unknown}
Potions
 e - a potion of resistance
 h - a potion of cure mutation
 o - a potion of might {unknown}
 p - a potion of haste {unknown}
 r - a potion of curing
 t - a potion of magic {unknown}
 w - a potion of invisibility {unknown}
 z - 2 potions of mutation {unknown}
 E - a potion of brilliance {unknown}
Comestibles
 f - 4 bread rations
 i - 5 beef jerkies
 k - a royal jelly
 l - 4 meat rations


   Skills:
 - Level 6.8 Fighting
 + Level 2.1(2.2) Axes
   Level 0.8(1.6) Polearms
 - Level 10.0 Crossbows
 + Level 6.8 Armour
 - Level 2.1 Dodging
 - Level 0.7 Stealth


You had 7 spell levels left.
You didn't know any spells.

Dungeon Overview and Level Annotations

Branches:
Dungeon (6/15)             Temple (1/1) D:4

Altars:
Ashenzari
Cheibriados
Dithmenos
Elyvilon
Fedhas
Gozag
Kikubaaqudgha
Nemelex Xobeh
Qazlal
Ru
Sif Muna
Trog
Uskayaw
Xom
Yredelemnul
Zin
The Shining One


Innate Abilities, Weirdness & Mutations

You reflexively headbutt those who attack you in melee.
You have a pair of horns on your head.


Message History

The orc warrior hits you with a glaive!!
The centaur hits you but does no damage.
You closely miss the centaur.
The centaur is severely wounded.
You slash the orc warrior!
The centaur hits you but does no damage.
The orc warrior barely misses you.
The centaur hits you but does no damage.
You hit the centaur.
The centaur is almost dead.
You hit the orc warrior. The centaur closely misses you. The centaur hits you.
The orc warrior hits you with a glaive!
* * * LOW HITPOINT WARNING * * *
The centaur closely misses you.
You slash the centaur!
You kill the centaur!
Your Axes skill increases to level 2!
You closely miss the orc warrior.
The orc warrior hits you with a glaive!!
You die...

###### ##.## #... ####
#################..
#.....)..[.[[[<....
####.......#########.#
##..........## ###.#
##..[..)......## #...#
#......@.......#####.###
#......o)..........#.#
#..................#.#
#.......)).........#.#
#.......))...........###
##......................
##..........#.....#....
#########.)...........
##.##..........


You could see an orc warrior.

Vanquished Creatures
  Pikel (D:5)
  Edmund (D:5)
  3 slaves (D:5)
  2 orc warriors
  2 ogres (D:5)
  2 centaurs (D:5)
  The ghost of cheeroque the Gusty, an amateur HEAE (D:4)
  2 bullfrogs
  A crimson imp (D:5)
  5 orc priests
  2 bullfrog skeletons
  An iguana (D:6)
  Natasha (twice) (D:3)
  A worker ant (D:5)
  A hound zombie (D:5)
  A hound skeleton (D:5)
  3 gnolls
  A howler monkey skeleton (D:4)
  11 adders
  2 shadow imps
  2 oozes
  5 worms
  3 dart slugs
  3 leopard geckos
  19 orcs
  2 giant cockroaches
  6 hobgoblins
  4 jackals (D:4)
  6 kobolds
  2 quokkas
  4 ball pythons
  5 bats
  10 frilled lizards
  5 goblins
  2 jackal zombies
  A quokka skeleton (D:4)
  4 rats
128 creatures vanquished.

Vanquished Creatures (others)
  A slave (D:5)
1 creature vanquished.

Grand Total: 129 creatures vanquished

Notes
Turn   | Place    | Note
-------+----------+-------------------------------------------
     0 | D:1      | RedPan the Minotaur Hunter began the quest for the Orb.
     0 | D:1      | Reached XP level 1. HP: 18/18 MP: 0/0
   207 | D:1      | Reached XP level 2. HP: 25/25 MP: 1/1
   218 | D:1      | Reached skill level 5 in Crossbows
   583 | D:1      | Reached XP level 3. HP: 30/30 MP: 2/2
  1062 | D:2      | Reached skill level 6 in Crossbows
  1071 | D:2      | Reached XP level 4. HP: 37/37 MP: 3/3
  1329 | D:2      | Found a snail-covered altar of Cheibriados.
  1331 | D:2      | You fall through a shaft!
  1646 | D:3      | Found a shattered altar of Ashenzari.
  1988 | D:3      | Noticed Natasha
  2001 | D:3      | Killed Natasha
  2001 | D:3      | Reached XP level 5. HP: 8/42 MP: 4/4
  2092 | D:3      | Reached skill level 7 in Crossbows
  2335 | D:3      | Noticed Natasha
  2341 | D:3      | Killed Natasha
  2716 | D:4      | HP: 1/42 [orc/trident (7)]
  2761 | D:4      | Noticed cheeroque's ghost (amateur HEAE)
  2767 | D:4      | Killed cheeroque's ghost
  2767 | D:4      | Reached skill level 8 in Crossbows
  2767 | D:4      | Reached XP level 6. HP: 27/50 MP: 5/5
  2807 | D:4      | Found a staircase to the Ecumenical Temple.
  2816 | Temple   | Entered the Ecumenical Temple
  3480 | D:5      | Entered Level 5 of the Dungeon
  3523 | D:5      | Noticed a slave
  3525 | D:5      | Noticed Pikel
  3525 | D:5      | Noticed a slave
  3534 | D:5      | Killed a slave
  3543 | D:5      | Noticed a slave
  3543 | D:5      | Noticed a slave
  3564 | D:5      | Killed a slave
  3569 | D:5      | Killed a slave
  3983 | D:5      | Reached skill level 9 in Crossbows
  3984 | D:5      | Reached XP level 7. HP: 9/56 MP: 6/6
  4276 | D:5      | Noticed Edmund
  4286 | D:5      | Killed Edmund
  4286 | D:5      | Reached skill level 10 in Crossbows
  4455 | D:5      | Killed Pikel
  4455 | D:5      | Reached skill level 5 in Fighting
  4455 | D:5      | Reached XP level 8. HP: 68/68 MP: 7/7
  4667 | D:5      | Reached skill level 5 in Armour
  5324 | D:5      | Reached skill level 1 in Axes
  5388 | D:5      | Slain by an orc warrior

Skill      XL: |  1  2  3  4  5  6  7  8 |
---------------+-------------------------+-----
Crossbows      | 5 6 8 9 10 | 10.0
Fighting       | 5 6 |  6.8
Armour         | 4 6 |  6.8
Axes           | 2 |  2.1
Polearms       | |  0.8
Dodging        | |  2.1
Stealth        | |  0.7

Action                   |  1- 3 |  4- 6 |  7- 9 || total
-------------------------+-------+-------+-------++-------
Melee: Halberd           |       |    11 |       ||    11
       Headbutt          |       |     2 |     2 ||     4
       Short sword       |       |     3 |       ||     3
       Battleaxe         |       |       |    14 ||    14
 Fire: Hand crossbow     |    73 |   183 |    95 ||   351
  Use: Scroll            |       |     6 |       ||     6
       Potion            |       |     4 |       ||     4
  Eat: Chunk             |       |     9 |     4 ||    13
Armor: Leather armour    |     4 |    24 |    17 ||    45
Dodge: Dodged            |    11 |    72 |    33 ||   116
